 Dungeon Crawl Stone Soup version 0.27-a0-1196-g3e9cee4cb2 (webtiles) character file.

Game seed: 13001704738274707200

207 mordus the Caller (level 5, 22/22 HPs)
             Began as a Felid Summoner on May 28, 2021.
             Was an Initiate of Makhleb.
             Quit the game on level 4 of the Dungeon.
             The game lasted 00:15:44 (5110 turns).

mordus the Caller (Felid Summoner)                  Turns: 5110, Time: 00:15:45

Health: 22/22      AC:  2    Str:  4    XL:     5   Next: 54%
Magic:  12/12      EV: 17    Int: 19    God:    Makhleb [......]
Gold:   96         SH:  0    Dex: 16    Spells: 6/12 levels left
                                        Lives:  0   Deaths: 1

rFire    . . .     SeeInvis +     - Unarmed
rCold    . . .     Faith    .   (shield unavailable)
rNeg     . . .     Spirit   .   (armour unavailable)
rPois    .         Reflect  .   (helmet unavailable)
rElec    .         Harm     .   (cloak unavailable)
rCorr    .         Rampage  .   (gloves unavailable)
Will     .....                  (boots unavailable)
Stlth    +++.......             (no amulet)
HPRegen  0.07/turn              (no ring)
MPRegen  0.13/turn              (no ring)

@: quick
A: very small, claws 1, fangs 3, see invisible, speed 1, shaggy fur 2, stealthy
paws, no weapons or thrown items, no armour, multi-lived
a: Renounce Religion


You were on level 4 of the Dungeon.
You worshipped Makhleb.
Makhleb was noncommittal.
You visited 1 branch of the dungeon, and saw 4 of its levels.

You collected 96 gold pieces.

Inventory:

Jewellery
 c - a ring of ice
 d - a ring of flight
Wands
 j - a wand of flame (21)
 l - a wand of charming (6)
Scrolls
 b - a scroll of noise
 g - 2 scrolls of identify
 h - 2 scrolls of amnesia
 k - a scroll of blinking
 m - a scroll of enchant weapon {unknown}
Potions
 a - 2 potions of flight
 e - 2 potions of resistance {unknown}
 f - 3 potions of cancellation {unknown}
 i - a potion of haste


   Skills:
 - Level 1.0 Fighting
 - Level 2.6 Dodging
 + Level 4.4 Stealth
 - Level 1.1 Unarmed Combat
 * Level 4.3 Spellcasting
 * Level 5.8 Summonings


You had 6 spell levels left.
You knew the following spells:

 Your Spells              Type           Power      Damage    Failure   Level
a - Summon Small Mammal   Summ           100%       N/A       1%          1
b - Call Imp              Summ           26%        N/A       1%          2
c - Call Canine Familiar  Summ           26%        N/A       3%          3

Your spell library contained the following spells:

 Spells                   Type           Power      Damage    Failure   Level
 Summon Guardian Golem    Hex/Summ       15%        N/A       12%         3
 Beastly Appendage        Tmut           8%         N/A       14%         1
 Sting                    Tmut/Pois      16%        1d3       14%         1
 Poisonous Vapours        Pois/Air       8%         N/A       21%         2
 Wereblood                Tmut           4%         N/A       21%         2
 Summon Ice Beast         Ice/Summ       15%        N/A       36%         4
 Summon Lightning Spire   Summ/Air       15%        N/A       36%         4
 Ignite Poison            Fire/Tmut/Pois 4%         N/A       38%         3
 Mephitic Cloud           Conj/Pois/Air  4%         N/A       38%         3
 Spider Form              Tmut/Pois      2%         N/A       38%         3
 Ice Form                 Ice/Tmut       4%         N/A       80%         4
 Olgreb's Toxic Radiance  Pois           4%         N/A       80%         4
 Hydra Form               Tmut           2%         N/A       98%         5


Dungeon Overview and Level Annotations

Branches:
Dungeon (4/15)
 Temple: D:4-7

Altars:
Cheibriados
Dithmenos
Makhleb
Qazlal
Wu Jian
Zin
The Shining One

Annotations:
D:4 Pikel


Innate Abilities, Weirdness & Mutations

You have sharp claws.
You have razor-sharp teeth.
You have supernaturally acute eyesight. (SInv)
You cover ground quickly. (Speed+)
You are covered in thick fur. (AC +2)
Your paws help you pounce on unaware monsters.
You are incapable of wielding weapons or throwing items.
You cannot wear armour.
You gain extra lives every three experience levels.


Message History

Your hound closely misses Pikel.
Pikel closely misses you.
You scratch Pikel.
Pikel is heavily wounded.
Your hound bites Pikel but does no damage.
Pikel misses you.
Your hound bites Pikel.
You scratch Pikel.
Pikel is heavily wounded.
Your hound bites Pikel.
Pikel misses you.
Your crimson imp blinks!
You scratch Pikel but do no damage.
Pikel is heavily wounded.
Your hound closely misses Pikel.
Pikel hits you with a +2 whip of freezing!
Pikel freezes you.
Your hound bites Pikel.
Your crimson imp blinks!
You closely miss Pikel.
Pikel is severely wounded.
Your hound bites Pikel but does no damage.
Pikel hits you with a +2 whip of freezing.
* * * LOW HITPOINT WARNING * * *
Pikel freezes you.
* * * LOW HITPOINT WARNING * * *
You miss Pikel.
Pikel is severely wounded.
Your hound bites Pikel but does no damage.
Pikel hits your hound with a +2 whip of freezing!
Pikel freezes your hound.
You scratch Pikel but do no damage.
Pikel is severely wounded.
Your hound bites Pikel but does no damage.
Your hound closely misses Pikel.
Pikel barely misses your hound.
You scratch Pikel but do no damage.
Pikel is severely wounded.
Your hound bites Pikel.
Pikel hits you with a +2 whip of freezing!
You die...
Pikel freezes you.
You are now level 5!
You rejoin the land of the living...
Are you sure you want to abandon this character and quit the game? (Confirm with "yes".)

#.........# ###8##### #.........#
#._._.#.# #....)....#
####...##.##
#######....)...)####.##⌠.⌠##...
..............).'555..##'##....
................####..5......#.
................# #####.....#.
................# ##.#####
..............@.# #....5.
................# ######.
)........#...############......
.........#...##............###.
...........#...##............'...
.......###'#...##............##..
.......#.......##................
.......#.......##................
.......#.......#######..........<


There were no monsters in sight!

Vanquished Creatures
  A hound (D:4)
  A mummy (D:3)
  A dart slug (D:1)
  An orc (D:4)
  6 bats
  2 endoplasms
  3 goblins
  A hobgoblin (D:1)
  3 jackals
  2 quokkas
  A ball python (D:4)
  3 kobolds
  A rat (D:1)
26 creatures vanquished.

Vanquished Creatures (collateral kills)
  A sky beast (D:4)
  An ogre (D:4)
  A phantom (D:4)
  A water moccasin skeleton (D:4)
  An orc priest (D:3)
  A centaur skeleton (D:4)
  Natasha (twice) (D:2)
  2 orc wizards (D:3)
  3 adders
  An adder skeleton (D:4)
  A worm (D:3)
  6 orcs
  3 ball pythons
  4 bats
  2 endoplasms
  A giant cockroach (D:2)
  3 goblins (D:3)
  6 hobgoblins
  4 jackals
  2 frilled lizards
  3 kobolds
49 creatures vanquished.

Grand Total: 75 creatures vanquished

Notes
Turn   | Place    | Note
-------+----------+-------------------------------------------
     0 | D:1      | mordus the Felid Summoner began the quest for the Orb.
     0 | D:1      | Reached XP level 1. HP: 7/7 MP: 4/4
    42 | D:1      | You fall into a shaft and drop 1 floor!
   562 | D:1      | Reached XP level 2. HP: 10/12 MP: 6/6
   565 | D:1      | Learned a level 2 spell: Call Imp
  1358 | D:2      | Reached XP level 3. HP: 15/15 MP: 1/7
  1362 | D:2      | Learned a level 3 spell: Call Canine Familiar
  1435 | D:2      | Found a faded altar of an unknown god.
  1693 | D:2      | Reached skill level 1 in Fighting
  1727 | D:2      | Noticed Natasha
  1735 | D:2      | Killed Natasha
  1736 | D:2      | Reached skill level 1 in Unarmed Combat
  2306 | D:2      | Noticed Natasha
  2316 | D:2      | Killed Natasha
  2317 | D:2      | Reached XP level 4. HP: 19/19 MP: 2/9
  3158 | D:3      | Found a snail-covered altar of Cheibriados.
  3174 | D:3      | Reached skill level 5 in Summonings
  3174 | D:3      | Reached XP level 5. HP: 22/22 MP: 0/11
  3436 | D:4      | Noticed a phantom
  3448 | D:4      | Killed a phantom
  3634 | D:4      | Found a burning altar of Makhleb.
  3635 | D:4      | Found a stormy altar of Qazlal.
  3847 | D:4      | Became a worshipper of Makhleb the Destroyer
  3927 | D:4      | Noticed a lemure
  3927 | D:4      | Noticed a lemure
  3927 | D:4      | Noticed a lemure
  3927 | D:4      | Noticed a lemure
  3927 | D:4      | Noticed Pikel
  4171 | D:4      | Found a shadowy altar of Dithmenos.
  4173 | D:4      | Found a glowing golden altar of the Shining One.
  4174 | D:4      | Found a glowing silver altar of Zin.
  4241 | D:4      | Found an ornate altar of the Wu Jian Council.
  4273 | D:4      | Gained mutation: You are covered in thick fur. (AC +2)
                  | [Felid growth]
  4273 | D:4      | Reached XP level 6. HP: 17/25 MP: 11/13
  4381 | D:4      | Noticed a sky beast
  4404 | D:4      | Killed a sky beast
  5109 | D:4      | Slain by Pikel
  5110 | D:4      | Reached XP level 5. HP: -1/22 MP: 2/12
  5110 | D:4      | Quit the game

Illustrated notes

Levels and vault maps discovered:
D:1:      eino_arrival_cavern_d, layout_loops_ring
D:2:      layout_basic, serial_curves, eino_curves_02, eino_curves_03,
          eino_curves_01, shapermc_ecumenical_altar_totnotflames, uniq_natasha
D:3:      layout_rooms, slow_altar_2
D:4:      layout_basic, nicolae_overflow_quartered_altars,
          nicolae_ashenzari_skybound, gammafunk_temple_overflow_statue,
          minmay_misc_feat_ornament, roderic_batcave, uniq_grinder, uniq_pikel

Skill      XL: |  1  2  3  4  5 |
---------------+----------------+-----
Fighting       | 1 |  1.0
Unarmed Combat | 1 |  1.1
Spellcasting   | 3 4 |  4.3
Stealth        | 3 4 |  4.4
Summonings     | 5 |  5.8
Dodging        | |  2.6

Action                   |  1- 3 |  4- 6 || total
-------------------------+-------+-------++-------
Melee: Unarmed           |    33 |    70 ||   103
       Bite              |     1 |     6 ||     7
       Punch             |       |     1 ||     1
 Cast: Summon Small Mamm |    10 |     3 ||    13
       Call Imp          |    31 |    49 ||    80
       Call Canine Famil |       |     8 ||     8
  Use: Scroll            |     6 |     2 ||     8
 Stab: Sleeping          |    10 |     4 ||    14
       Distracted        |       |     3 ||     3
Armor: Skin              |       |     6 ||     6
Dodge: Dodged            |    28 |    68 ||    96

Table legend: (Time is in decaauts)
 A = Elapsed time spent in this place.
 B = Non-inter-level travel time spent in this place.
 C = Inter-level travel time spent in this place.
 D = Time resting spent in this place.
 E = Time spent auto-exploring this place.
 F = Levels seen in this place.
 G = Mean time per level.
                   A        B        C        D        E       F      G
               +--------+--------+--------+--------+--------+-----+--------+
         Total |   4666 |   4609 |     57 |   1189 |   2628 |   4 | 1166.5 |
       Dungeon |   4666 |   4609 |     57 |   1189 |   2628 |   4 | 1166.5 |
               +--------+--------+--------+--------+--------+-----+--------+

Top non-repeatable levels by time:
     D:3: 1418 daAuts
     D:4: 1405 daAuts
     D:2: 1030 daAuts
     D:1: 812 daAuts
